 Dungeon Crawl Stone Soup version 0.28-a0-779-g3d1f99b579 (webtiles) character file.

Game seed: 6102858524261599090

37 horus123 the Sneak (level 3, -4/21 HPs)
             Began as a Kobold Brigand on Nov 2, 2021.
             Slain by Sigmund (6 damage)
             ... on level 2 of the Dungeon.
             The game lasted 00:02:35 (1336 turns).

horus123 the Sneak (Kobold Brigand)                 Turns: 1336, Time: 00:02:36

Health: -4/21      AC:  4    Str:  8    XL:     3   Next: 62%
Magic:  3/3        EV: 14    Int: 12    God:
Gold:   61         SH:  0    Dex: 17    Spells: 2/2 levels left

rFire   . . .      SeeInvis .   h - +2 short sword (elec)
rCold   . . .      Faith    .   (shield restricted)
rNeg    . . .      Spirit   .   b - +0 robe
rPois   .          Reflect  .   (no helmet)
rElec   .          Harm     .   c - +1 cloak
rCorr   .          Rampage  .   (no gloves)
Will    .....                   (no boots)
Stlth   +++++.....              (no amulet)
HPRegen 0.07/turn               (no ring)
MPRegen 0.08/turn               (no ring)

@: attractive
A: small, no large weapons, nightstalker 3
a: no special abilities


You were on level 2 of the Dungeon.
You visited 1 branch of the dungeon, and saw 2 of its levels.

You collected 61 gold pieces.

Inventory:

Hand Weapons
 a - a +2 dagger
 h - a +2 short sword of electrocution (weapon)
Missiles
 d - 5 poisoned darts (quivered)
 e - 2 curare-tipped darts
Armour
 b - a +0 robe (worn)
 c - a +1 cloak (worn)
Scrolls
 g - a scroll of identify


   Skills:
 - Level 2.1 Fighting
 - Level 2.6 Short Blades
 - Level 2.1 Throwing
 - Level 1.2 Dodging
 + Level 7.1 Stealth


You had 2 spell levels left.
You didn't know any spells.
Your spell library was empty.

Dungeon Overview and Level Annotations

Branches:
Dungeon (2/15)

Altars:

Annotations:
D:2 Sigmund


Innate Abilities, Weirdness & Mutations

You are small and have problems with some larger weapons.
You are completely attuned to the shadows.


Message History

You throw a poisoned dart.
The poisoned dart barely misses Sigmund.
You throw a poisoned dart.
The poisoned dart closely misses Sigmund.
Sigmund gestures wildly while chanting.
Sigmund flickers and vanishes!
Deactivating autopickup; reactivate with Ctrl-A.
No target in view!
No target in view!
There are no items here.
Something hits you but does no damage. Something hits you.
Something completely misses you. Something hits you but does no damage.
Something hits you but does no damage. Something hits you but does no damage.
You hear some strange, mumbled words.
A puff of flame appears from out of thin air!
The puff of flame hits you!
Your transformation is almost over.
Something hits you but does no damage.
You hear some strange, mumbled words.
A puff of flame appears from out of thin air!
The puff of flame hits you but does no damage.
Something hits you.
* * * LOW HITPOINT WARNING * * *
Something hits you but does no damage. Something hits you but does no damage.
You hear some strange, mumbled words.
Something tries to affect you, but you resist.
It was a potion of attraction.
You feel attractive to monsters.
A magic dart appears from out of thin air!
The magic dart hits you.
* * * LOW HITPOINT WARNING * * *
Something is attracted toward you.
You feel less wooden.
Your +1 cloak unmelds from your body.
Your +0 robe unmelds from your body.
Something hits you.
You die...

######### #.(.
#.......# #...
#.#####.# #..ยง
#.# #.#
#...#####.# #.#
....@....>#####.#
#...#...........#
#####.##.########
#?#.......#
#.#..####.######
#.#..# #......#
#..# ######.#
#..# #.# #####.#


There were no monsters in sight!

Vanquished Creatures
  An adder (D:2)
  3 bats
  An endoplasm (D:2)
  4 goblins
  7 hobgoblins (D:1)
  3 kobolds (D:1)
  2 quokkas (D:1)
  A ball python (D:2)
  3 rats
25 creatures vanquished.

Notes
Turn   | Place    | Note
-------+----------+-------------------------------------------
     0 | D:1      | horus123 the Kobold Brigand began the quest for the Orb.
     0 | D:1      | Reached XP level 1. HP: 12/12 MP: 1/1
   178 | D:1      | Reached XP level 2. HP: 17/17 MP: 2/2
   179 | D:1      | Reached skill level 6 in Stealth
   572 | D:1      | Reached XP level 3. HP: 18/21 MP: 3/3
   797 | D:1      | Found a faded altar of an unknown god.
  1222 | D:2      | Reached skill level 7 in Stealth
  1303 | D:2      | Noticed Sigmund
  1336 | D:2      | Slain by Sigmund

Illustrated notes

Levels and vault maps discovered:
D:1:      nzn_arrival_settlement, layout_basic,
          dilly_ecumenical_altar_fadedgnrine, minmay_misc_feat_chi,
          supply_closet_lemuel, minmay_tree_intersection, serial_bayou_ford_a
D:2:      layout_basic, kennysheep_generic_room_7, uniq_sigmund, uniq_natasha

Skill      XL: |  1  2  3 |
---------------+----------+-----
Stealth        | 6 7 |  7.1
Fighting       | |  2.1
Short Blades   | |  2.6
Throwing       | |  2.1
Dodging        | |  1.2

Action                   || total
-------------------------++-------
Melee: Dagger            ||    11
       Short sword       ||    40
Throw: Dart              ||     3
  Use: Scroll            ||     4
       Potion            ||     2
 Stab: Sleeping          ||    11
Armor: Robe              ||     6
       Skin              ||    12
Dodge: Dodged            ||    36

Table legend: (Time is in decaauts)
 A = Elapsed time spent in this place.
 B = Non-inter-level travel time spent in this place.
 C = Inter-level travel time spent in this place.
 D = Time resting spent in this place.
 E = Time spent auto-exploring this place.
 F = Levels seen in this place.
 G = Mean time per level.
                   A        B        C        D        E       F      G
               +--------+--------+--------+--------+--------+-----+--------+
         Total |   1340 |   1320 |     20 |      0 |   1150 |   2 |  670.0 |
       Dungeon |   1340 |   1320 |     20 |      0 |   1150 |   2 |  670.0 |
               +--------+--------+--------+--------+--------+-----+--------+

Top non-repeatable levels by time:
     D:1: 1128 daAuts
     D:2: 211 daAuts
